 Dungeon Crawl Stone Soup version 0.20.0 (webtiles) character file.

35672 BarneyGumball the Severer (level 13, -4/123 HPs)
             Began as a Hill Orc Fighter on June 4, 2017.
             Was a Follower of Uskayaw.
             Slain by a five-headed hydra (14 damage)
             ... on level 6 of the Lair of Beasts.
             The game lasted 01:38:53 (23165 turns).

BarneyGumball the Severer (Hill Orc Fighter)       Turns: 23165, Time: 01:38:53

Health: -4/123     AC: 14    Str: 20    XL:     13   Next: 85%
Magic:  25/25      EV:  8    Int:  8    God:    Uskayaw [*.....]
Gold:   1036       SH:  9    Dex: 14    Spells: 12/12 levels left

rFire    + . .     SeeInvis .   Q - +0 war axe (flame)
rCold    x . .     Gourm    .   c - +0 shield
rNeg     . . .     Faith    .   m - +4 ring mail
rPois    .         Spirit   .   (no helmet)
rElec    .         Reflect  .   (no cloak)
rCorr    +         Harm     .   A - +1 pair of gloves
MR       .....                  W - +1 pair of boots
Stlth    +.........             z - amulet of rage
Regen    0.3/turn               d - ring of fire
MPRegen  0.2/turn               r - ring of resist corrosion

@: no status effects
A: no striking features
a: Stomp, Renounce Religion, Evoke Berserk Rage


You were on level 6 of the Lair of Beasts.
You worshipped Uskayaw.
Uskayaw was most pleased with you.
You were hungry.

You visited 3 branches of the dungeon, and saw 18 of its levels.

You collected 1036 gold pieces.

Inventory:

Hand Weapons
 u - a +0 battleaxe
 Q - a +0 war axe of flaming (weapon)
Missiles
 D - 244 arrows
Armour
 c - a +0 shield (worn)
 m - a +4 ring mail (worn)
 A - a +1 pair of gloves (worn)
 M - the +1 robe of the Gloaming {rF+ rC+ Str-3, unknown}
   (You took it off a wight on level 8 of the Dungeon)

   It affects your strength (-3).
   It protects you from fire.
   It protects you from cold.
 W - a +1 pair of boots (worn)
Jewellery
 d - a ring of fire (left hand)
 n - an uncursed ring of flight
 r - a ring of resist corrosion (right hand)
 z - an amulet of rage (around neck)
Wands
 v - a wand of lightning (3/15)
 B - a wand of clouds (1/9)
 K - a wand of scattershot (4/9)
 R - a wand of confusion (41/48)
 Y - a wand of acid (7/15)
Scrolls
 a - a scroll of magic mapping
 h - 7 scrolls of remove curse
 k - 9 scrolls of teleportation
 o - 2 scrolls of fear
 y - a scroll of enchant weapon
 C - 4 scrolls of recharging
 G - a scroll of amnesia
 P - 3 scrolls of immolation
 S - a scroll of holy word {unknown}
 V - 2 scrolls of blinking
 X - a scroll of random uselessness {unknown}
 Z - a scroll of fog
Potions
 b - 6 potions of might
 e - 2 potions of heal wounds
 i - a potion of berserk rage
 l - 5 potions of haste
 p - 2 potions of brilliance
 s - 3 potions of resistance
 t - 4 potions of curing
 w - 3 potions of agility
 x - a potion of flight {unknown}
 F - 3 potions of cancellation
 I - 4 potions of lignification
 L - a potion of mutation {unknown}
 T - a potion of invisibility {unknown}
Comestibles
 f - 18 bread rations
 g - 7 royal jellies
 j - 27 fruits
 J - 8 meat rations


   Skills:
 + Level 13.9 Fighting
 - Level 17.5 Axes
 - Level 3.2 Armour
 - Level 3.2 Shields
 * Level 16.1 Invocations
 - Level 6.1 Evocations


You had 12 spell levels left.
You didn't know any spells.

Dungeon Overview and Level Annotations

Branches:
Dungeon (11/15)            Temple (1/1) D:5            Lair (6/6) D:11
  Swamp (0/4) Lair:2       Spider (0/4) Lair:3        Slime (0/5) Lair:5
    Orc: D:9-12

Altars:
Ashenzari
Cheibriados
Dithmenos
Elyvilon
Fedhas
Gozag
Hepliaklqana
Kikubaaqudgha
Makhleb
Nemelex Xobeh
Okawaru
Qazlal
Ru
Sif Muna
Trog
Uskayaw
Vehumet
Xom
Yredelemnul
Zin
The Shining One
Jiyva

Shops:
D:5 }   D:8 =   D:11 :

Annotations:
D:4 Sigmund
D:7 Joseph
Lair:3 exclusion: 2 oklob plants
Lair:6 centipede's ghost, journeyman SpAs


Message History

Centipede's ghost hits you but does no damage.
You are electrocuted!
In your confused state, you trip and fall back down the stairs.
Centipede's ghost closely misses you. The five-headed hydra bites you!
The five-headed hydra bites you but does no damage.
The five-headed hydra bites you! The five-headed hydra bites you.
The five-headed hydra bites you!
* * * LOW HITPOINT WARNING * * *
Your magical effects are unravelling.
You feel magically purged.
You feel less confused. The five-headed hydra bites you!
* * * LOW HITPOINT WARNING * * *
The five-headed hydra closely misses you.
The five-headed hydra bites you.
* * * LOW HITPOINT WARNING * * *
The five-headed hydra bites you!
* * * LOW HITPOINT WARNING * * *
The five-headed hydra bites you!
You die...

## ##.......!.
#P###..........
...............
...............
....(..........
.............P.
........D.....P
#..@W#
###.......P
...#..... ##...
.... #..PP ...
....## .. ...##
. ...#


You could see a five-headed hydra and centipede's ghost.

Vanquished Creatures
  4 hydras
  2 two-headed ogres
  6 death yaks
  The ghost of Caerwyn the Thaumaturge, a novice DsFE of Sif Muna (D:10)
  12 elephants
  A torpor snail (Lair:1)
  5 spiny frogs
  2 gargoyles
  A centaur skeleton (D:11)
  2 komodo dragons (Lair:3)
  A polar bear (Lair:2)
  A jumping spider (Lair:3)
  2 trolls
  A merfolk (D:9)
  14 blink frogs
  6 hippogriffs
  4 slime creatures (D:11)
  2 shadows (D:11)
  3 wyverns
  4 redbacks (Lair:3)
  17 yaks
  2 basilisks
  An acid dragon (D:11)
  16 water moccasins
  10 porcupines
  4 ice beasts
  A sky beast (D:8)
  4 phantoms
  3 black bears
  A necrophage (D:11)
  A hornet zombie (D:11)
  5 orc warriors
  7 wolves
  5 ogres
  6 centaurs
  12 crocodiles
  A big kobold (D:11)
  17 bullfrogs
  A wyvern skeleton (D:7)
  6 scorpions
  A water moccasin skeleton (D:5)
  5 howler monkeys
  8 wights
  10 crimson imps
  A quasit (D:9)
  2 hounds (D:8)
  2 jellies
  10 orc wizards
  A gnoll shaman (D:6)
  3 orc priests
  2 bullfrog skeletons
  Natasha (thrice) (D:4)
  3 iguanas
  8 worker ants
  5 hell rats (Lair:1)
  2 hound zombies
  A worker ant zombie (D:5)
  Robin (D:4)
  8 gnolls
  A howler monkey skeleton (D:7)
  5 river rats (Lair:1)
  15 adders
  2 shadow imps
  An adder zombie (D:7)
  An adder skeleton (D:9)
  4 worms
  3 dart slugs
  5 leopard geckos
  15 orcs
  5 giant cockroaches
  18 goblins
  8 hobgoblins
  7 jackals
  4 quokkas
  5 bats
  4 frilled lizards
  13 kobolds
  A leopard gecko zombie (D:5)
  A quokka skeleton (D:7)
  A quokka zombie (D:7)
  10 rats
  3 rat zombies (D:4)
  A spectral orc (D:9)
  A butterfly (Lair:1)
  7 fungi
  A plant (Lair:2)
412 creatures vanquished.

Vanquished Creatures (others)
  A goblin (D:2)
  A butterfly (D:2)
  5 fungi
  5 plants
12 creatures vanquished.

Grand Total: 424 creatures vanquished

Notes
Turn   | Place    | Note
-------+----------+-------------------------------------------
     0 | D:1      | BarneyGumball the Hill Orc Fighter began the quest for the Orb.
     0 | D:1      | Reached XP level 1. HP: 19/19 MP: 1/1
    41 | D:1      | Reached skill level 3 in Axes
    41 | D:1      | Reached XP level 2. HP: 18/26 MP: 2/2
   198 | D:1      | Reached skill level 4 in Axes
   395 | D:1      | Reached XP level 3. HP: 23/31 MP: 3/3
   843 | D:2      | Reached skill level 5 in Axes
  1017 | D:2      | Reached XP level 4. HP: 37/39 MP: 4/4
  1024 | D:2      | Found a stormy altar of Qazlal.
  1050 | D:2      | Found a blossoming altar of Fedhas.
  1050 | D:2      | Found an iron altar of Okawaru.
  1232 | D:2      | Found a shimmering altar of Xom.
  1307 | D:2      | Reached skill level 6 in Axes
  1320 | D:2      | Found a hazy altar of Hepliaklqana.
  2083 | D:2      | Reached XP level 5. HP: 45/45 MP: 5/5
  2526 | D:3      | Reached skill level 7 in Axes
  2941 | D:4      | Noticed Sigmund
  3039 | D:4      | Noticed a phantom
  3118 | D:4      | Killed a phantom
  3118 | D:4      | Reached skill level 8 in Axes
  3118 | D:4      | Reached XP level 6. HP: 16/51 MP: 6/6
  3355 | D:4      | Noticed Natasha
  3365 | D:4      | Killed Natasha
  3481 | D:4      | Noticed Natasha
  3491 | D:4      | Killed Natasha
  3585 | D:4      | Reached skill level 9 in Axes
  3637 | D:4      | Noticed Natasha
  3641 | D:4      | Killed Natasha
  3907 | D:5      | Entered Level 5 of the Dungeon
  3942 | D:5      | Reached XP level 7. HP: 57/57 MP: 7/7
  4104 | D:5      | Found a staircase to the Ecumenical Temple.
  4134 | Temple   | Entered the Ecumenical Temple
  4480 | D:5      | Reached skill level 10 in Axes
  4609 | D:5      | Found Gajyigh's Gadget Shoppe.
  4727 | D:5      | Noticed an angel
  4728 | D:5      | Found a glowing silver altar of Zin.
  4875 | D:6      | Reached skill level 11 in Axes
  5001 | D:6      | Found a shadowy altar of Dithmenos.
  5121 | D:5      | Reached XP level 8. HP: 64/64 MP: 8/8
  5554 | D:6      | Reached skill level 12 in Axes
  6029 | D:7      | Found a shimmering altar of Xom.
  6136 | D:7      | Reached skill level 5 in Fighting
  6345 | D:7      | Reached skill level 1 in Evocations
  6420 | D:7      | Reached skill level 13 in Axes
  6736 | D:7      | Reached XP level 9. HP: 74/74 MP: 10/10
  6760 | D:7      | Noticed Joseph
  7124 | D:7      | Found a basalt altar of Yredelemnul.
  7979 | D:8      | Reached skill level 14 in Axes
  8061 | D:8      | Found Jeqasah's Jewellery Boutique.
  8915 | D:8      | Noticed a two-headed ogre
  9392 | D:4      | Reached XP level 10. HP: 67/86 MP: 13/13
  9617 | D:4      | Noticed Robin
  9637 | D:4      | Killed Robin
 10250 | D:7      | Reached skill level 15 in Axes
 10595 | D:8      | Got an ominously black robe
 10648 | D:9      | Found a hide-covered altar of Uskayaw.
 10648 | D:9      | Found a white marble altar of Elyvilon.
 10652 | D:9      | Became a worshipper of Uskayaw the Reveler
 10681 | D:9      | Found a radiant altar of Vehumet.
 10835 | D:9      | Reached * piety under Uskayaw
 11086 | D:9      | Found a sacrificial altar of Ru.
 11111 | D:9      | Reached ** piety under Uskayaw
 11303 | D:9      | Reached skill level 5 in Evocations
 11618 | D:9      | Found a basalt altar of Yredelemnul.
 11667 | D:10     | Entered Level 10 of the Dungeon
 11667 | D:10     | Noticed a gargoyle
 11667 | D:10     | Noticed Caerwyn's ghost (novice DsFE)
 11726 | D:10     | Reached *** piety under Uskayaw
 12428 | D:10     | Reached **** piety under Uskayaw
 12434 | D:10     | Reached ***** piety under Uskayaw
 12895 | D:11     | Reached skill level 16 in Axes
 13057 | D:11     | Found Xoshra's Book Shoppe.
 13326 | D:11     | Reached skill level 1 in Invocations
 13326 | D:11     | Reached XP level 11. HP: 76/97 MP: 15/15
 13864 | D:11     | Noticed a death yak
 14274 | D:10     | Killed Caerwyn's ghost
 14491 | D:11     | Reached skill level 17 in Axes
 14874 | D:11     | Found a staircase to the Lair.
 14893 | D:11     | Noticed a two-headed ogre
 14893 | D:11     | Reached skill level 10 in Fighting
 14908 | D:11     | Killed a two-headed ogre
 14908 | D:11     | Reached skill level 5 in Invocations
 14929 | D:11     | Got an encrusted war axe {venom}
 15306 | D:11     | Noticed a six-headed hydra
 15494 | D:7      | Identified the +4 war axe of Plunder {venom, rC- Dex+5} (You took it off an orc priest on level 11 of the Dungeon)
 15600 | D:8      | Killed a two-headed ogre
 15692 | D:11     | Killed a three-headed hydra
 15831 | Lair:1   | Entered Level 1 of the Lair of Beasts
 16102 | Lair:1   | Reached XP level 12. HP: 91/108 MP: 17/17
 16967 | Lair:2   | Found a labyrinth entrance.
 16967 | Lair:2   | Noticed a death yak
 17115 | Lair:2   | Noticed a death yak
 17133 | Lair:1   | Killed a death yak
 17139 | Lair:1   | Reached skill level 10 in Invocations
 17371 | Lair:1   | Killed a death yak
 17779 | Lair:2   | Found a staircase to the Swamp.
 17779 | Lair:2   | Noticed a four-headed hydra
 17803 | Lair:2   | Killed a one-headed hydra
 18107 | Lair:2   | Noticed a death yak
 18138 | Lair:2   | Killed a death yak
 18139 | Lair:2   | Noticed a death yak
 18139 | Lair:2   | Noticed a death yak
 18139 | Lair:2   | Noticed a death yak
 18153 | Lair:1   | Killed a death yak
 18277 | Lair:1   | Killed a death yak
 18279 | Lair:1   | Killed a death yak
 18915 | Lair:3   | Reached XP level 13. HP: 119/119 MP: 22/22
 19028 | Lair:3   | Found a hole to the Spider Nest.
 22006 | Lair:5   | Reached skill level 15 in Invocations
 22871 | Lair:5   | Found a staircase to the Slime Pits.
 22872 | Lair:5   | Found a viscous altar of Jiyva.
 23157 | Lair:6   | Entered Level 6 of the Lair of Beasts
 23157 | Lair:6   | Noticed centipede's ghost (journeyman SpAs)
 23165 | Lair:6   | Slain by a five-headed hydra

Skill      XL: |  1  2  3  4  5  6  7  8  9 10 11 12 13 |
---------------+----------------------------------------+-----
Axes           | 3 4 5 6 8 9 11 13 14 16 17 | 17.5
Fighting       | 5 7 9 10 12 13 | 13.9
Evocations     | 2 4 6 |  6.1
Invocations    | 1 7 13 16 | 16.1
Armour         | |  3.2
Shields        | |  3.2

Action                   |  1- 3 |  4- 6 |  7- 9 | 10-12 | 13-15 || total
-------------------------+-------+-------+-------+-------+-------++-------
Melee: War axe           |    99 |   195 |   387 |   694 |   340 ||  1715
Throw: Tomahawk          |       |       |     2 |     2 |       ||     4
Invok: Stomp             |       |       |       |     2 |       ||     2
       Line Pass         |       |       |       |     1 |       ||     1
       Grand Finale      |       |       |       |       |     2 ||     2
 Abil: Evoke Berserk Rag |       |       |     3 |     7 |     2 ||    12
  Use: Potion            |     1 |       |       |     1 |     1 ||     3
       Scroll            |       |     6 |     8 |     6 |     4 ||    24
 Stab: Paralysed         |       |       |       |    44 |    19 ||    63
  Eat: Chunk             |       |     9 |    19 |    23 |    14 ||    65
       Fruit             |       |     1 |       |     6 |     3 ||    10
       Meat ration       |       |       |       |     2 |       ||     2
Armor: Scale mail        |    36 |     6 |       |       |       ||    42
       Ring mail         |       |    42 |   108 |   183 |   125 ||   458
Dodge: Dodged            |    28 |    44 |    88 |   141 |    86 ||   387
Block: Shield            |    41 |    82 |   141 |   219 |   117 ||   600
